 Dungeon Crawl Stone Soup version 0.21.1-1-g345015f (webtiles) character file.

206 kaesh the Skirmisher (level 5, -9/47 HPs)
             Began as a Minotaur Fighter on Feb 24, 2018.
             Killed by nerve-wracking pain
             ... invoked by Grinder
              (11 damage)
             ... on level 3 of the Dungeon.
             The game lasted 00:15:14 (2097 turns).

kaesh the Skirmisher (Minotaur Fighter)             Turns: 2097, Time: 00:15:14

Health: -9/47      AC:  9    Str: 21    XL:     5   Next: 53%
Magic:  4/4        EV:  5    Int:  5    God:
Gold:   110        SH: 10    Dex: 10    Spells: 4/4 levels left

rFire    . . .     SeeInvis .   q - +3 whip (drain)
rCold    . . .     Gourm    .   c - +0 shield
rNeg     . . .     Faith    .   r - +0 chain mail
rPois    .         Spirit   .   (helmet restricted)
rElec    .         Reflect  .   (no cloak)
rCorr    .         Harm     .   (no gloves)
MR       .....                  (no boots)
Stlth    ..........             (no amulet)
HPRegen  0.15/turn              (no ring)
MPRegen  0.09/turn              (no ring)

@: no status effects
A: retaliatory headbutt, horns 2
a: no special abilities


You were on level 3 of the Dungeon.
You were not hungry.

You visited 1 branch of the dungeon, and saw 3 of its levels.

You collected 110 gold pieces.

Inventory:

Hand Weapons
 k - a +0 mace of protection
 l - a +1 falchion of protection
 q - a +3 whip of draining (weapon)
Armour
 b - a +0 scale mail
 c - a +0 shield (worn)
 m - a +0 ring mail
 r - a +0 chain mail (worn)
Scrolls
 g - a scroll of teleportation {unknown}
 j - a scroll of remove curse
Potions
 d - a potion of might
 e - a potion of flight {unknown}
 h - a potion of lignification {unknown}
 i - a potion of mutation {unknown}
 n - a potion of degeneration {unknown}
 o - 3 potions of agility
 p - a potion of heal wounds {unknown}
Comestibles
 a - 5 chunks of flesh
 f - 5 rations


   Skills:
 + Level 4.9 Fighting
 + Level 4.0 Maces & Flails
 + Level 4.9 Armour
 + Level 4.9 Shields


You had 4 spell levels left.
You didn't know any spells.

Dungeon Overview and Level Annotations

Branches:
Dungeon (3/15)

Altars:
Kikubaaqudgha

Annotations:
D:3 Grinder


Innate Abilities, Weirdness & Mutations

You reflexively headbutt those who attack you in melee.
You have a pair of horns on your head.


Message History

Grinder is heavily wounded.
You block Grinder's attack.
You completely miss Grinder.
Grinder is heavily wounded.
Grinder says, "Don't move a muscle."
Grinder gestures at you.
You suddenly lose the ability to move!
Grinder says, "There's only one good use for a tongue: cutting it out."
Grinder gestures at you. Pain shoots through your body!
* * * LOW HITPOINT WARNING * * *
Grinder blinks!
Grinder completely misses you. Grinder hits you but does no damage. x2
You can move again.
You hit Grinder. Your headbutt misses Grinder.
Grinder is severely wounded.
Grinder gestures at you. Pain shoots through your body!
You die...

...........##.#....# #..##
...........##.#..###...###
.........................
.....##.##.....##.#####
### #..##...........#####
....#...#......#..#.....#
..................#......)
....?..................)))
.>##..##.@.............)##
.##.....)5..............#.
o.......................#.
..........<...........###.
....##....................
.. ###..........#....... .
#..............###.
####............### #.
#.............#)# #.


You could see Grinder.

Vanquished Creatures
  An orc priest (D:3)
  4 gnolls (D:2)
  5 adders
  An ooze (D:1)
  4 worms
  A dart slug (D:2)
  9 orcs (D:3)
  A giant cockroach (D:2)
  9 hobgoblins
  2 jackals (D:1)
  2 kobolds (D:1)
  8 bats
  8 frilled lizards
  11 goblins
  9 rats
75 creatures vanquished.

Notes
Turn   | Place    | Note
-------+----------+-------------------------------------------
     0 | D:1      | kaesh the Minotaur Fighter began the quest for the Orb.
     0 | D:1      | Reached XP level 1. HP: 19/19 MP: 0/0
   145 | D:1      | Reached XP level 2. HP: 26/27 MP: 1/1
   616 | D:1      | Reached XP level 3. HP: 33/33 MP: 2/2
  1074 | D:2      | Found an ancient bone altar of Kikubaaqudgha.
  1120 | D:2      | Reached XP level 4. HP: 41/41 MP: 3/3
  1902 | D:3      | Reached XP level 5. HP: 44/47 MP: 4/4
  2068 | D:3      | Noticed Grinder
  2080 | D:3      | Paralysed by Grinder for 3 turns
  2090 | D:3      | Paralysed by Grinder for 7 turns
  2091 | D:3      | HP: 1/47 [Grinder/nerve-wracking pain (4)]
  2097 | D:3      | Killed from afar by Grinder

Skill      XL: |  1  2  3  4  5 |
---------------+----------------+-----
Shields        | 4 |  4.9
Fighting       | 4 |  4.9
Armour         | 4 |  4.9
Maces & Flails | 3 4 |  4.0

Action                   |  1- 3 |  4- 6 || total
-------------------------+-------+-------++-------
Melee: Flail             |    77 |    21 ||    98
       Headbutt          |    18 |    16 ||    34
       Whip              |       |   107 ||   107
  Use: Scroll            |       |     6 ||     6
  Eat: Chunk             |     1 |     3 ||     4
Armor: Scale mail        |    38 |    10 ||    48
       Chain mail        |       |    30 ||    30
Dodge: Dodged            |    25 |    19 ||    44
Block: Shield            |    38 |    51 ||    89
